 Dungeon Crawl Stone Soup version 0.30.0-5-g1a98f26d00 (webtiles) character file.

Game seed: 2099846806590570653

1167 sampeng1 the Trooper (level 8, -7/62 HPs)
             Began as a Human Cinder Acolyte on May 11, 2023.
             Was a High Priest of Ignis.
             Mangled by a gnoll bouda
             ... wielding a +0 whip
              (11 damage)
             ... on level 6 of the Dungeon.
             The game lasted 00:25:53 (5219 turns).

sampeng1 the Trooper (Human Cinder Acolyte)         Turns: 5219, Time: 00:25:53

Health: -7/62      AC:  9    Str: 14    XL:     8   Next: 67%
Magic:  3/13       EV: 12    Int: 16    God:    Ignis [*****.]
Gold:   84         SH: 10    Dex: 13    Spells: 12/14 levels left

rFire   + . .        a - -1 mace (flame)
rCold   + . .        m - +0 buckler
rNeg    . . .        x - +1 robe of the Untouchables {+Inv Dex+3}
rPois   .            (no helmet)
rElec   .            t - +0 cloak
rCorr   .            o - +0 pair of gloves
SInv    .            (no boots)
Will    .....        l - amulet of reflection
Stlth   +            j - +4 ring of protection
HPRegen 0.30/turn    c - ring of protection from cold
MPRegen 0.13/turn

%: reflection
@: no status effects
A: no striking features
a: Renounce Religion, Evoke Invisibility, Fiery Armour, Foxfire Swarm, Rising
Flame


You were on level 6 of the Dungeon.
You worshipped Ignis.
Ignis was extremely pleased with you.
You visited 1 branch of the dungeon, and saw 6 of its levels.

You collected 370 gold pieces.
You spent 286 gold pieces at shops.

Inventory:

Hand Weapons
 a - a -1 mace of flaming (weapon)
 g - a +0 quick blade
 v - the +11 dagger of Gucwas {pain, rPois rN+}
   (You found it on level 4 of the Dungeon)

   rPois:     It protects you from poison.
   rN:        It protects you from negative energy.
Missiles
 f - 63 stones
 s - 3 poisoned darts (quivered)
Armour
 e - a +2 robe of fire resistance
 m - a +0 buckler (worn)
 o - a +0 pair of gloves (worn)
 t - a +0 cloak (worn)
 x - the +1 robe of the Untouchables (worn) {+Inv Dex+3}
   (You bought it in a shop on level 5 of the Dungeon)

   Dex:       It affects your dexterity (+3).
   +Inv:      It lets you turn invisible.
Jewellery
 c - a ring of protection from cold (right hand)
 j - a +4 ring of protection (left hand)
 k - an amulet of the acrobat
 l - an amulet of reflection (around neck)
Wands
 u - a wand of flame (20)
Scrolls
 d - 2 scrolls of teleportation
 p - a scroll of immolation {unknown}
 q - a scroll of amnesia
 w - a scroll of brand weapon {unknown}
 y - a scroll of enchant weapon {unknown}
Potions
 b - a potion of mutation
 h - 2 potions of heal wounds
 i - 2 potions of degeneration {unknown}
 n - 3 potions of curing {unknown}
 r - a potion of ambrosia {unknown}


   Skills:
 + Level 5.0 Fighting
 + Level 4.9 Maces & Flails
 + Level 3.6 Dodging
 + Level 3.5 Shields
 + Level 3.7 Spellcasting
 + Level 4.9 Fire Magic


You had 12 spell levels left.
You knew the following spells:

 Your Spells              Type           Power      Damage    Failure   Level
a - Scorch                Fire           36%        2d6       4%          2

Your spell library contained the following spells:

 Spells                   Type           Power      Damage    Failure   Level
 Magic Dart               Conj           8%         1d3       22%         1
 Necrotise                Necr           8%         1d4       22%         1
 Sting                    Tmut/Pois      8%         1d3       22%         1
 Summon Small Mammal      Summ           8%         N/A       22%         1
 Call Imp                 Summ           4%         N/A       34%         2
 Poisonous Vapours        Pois/Air       4%         N/A       34%         2
 Call Canine Familiar     Summ           2%         N/A       56%         3
 Mephitic Cloud           Conj/Pois/Air  2%         N/A       56%         3
 Summon Guardian Golem    Hex/Summ       2%         N/A       56%         3
 Vampiric Draining        Necr           2%         2d6       56%         3
 Olgreb's Toxic Radiance  Pois           2%         N/A       92%         4
 Agony                    Necr           2%         N/A       99%         5


Dungeon Overview and Level Annotations

Branches:
Dungeon (6/15)
 Temple: D:4-7

Altars:
Okawaru
Yredelemnul

Shops:
D:5 *   D:6 *[


Message History

The steam dragon breathes steam at you. The ball of steam hits you! You resist.
* * * LOW HITPOINT WARNING * * *
You hit the steam dragon. You burn the steam dragon.
The steam dragon is almost dead.
You block the steam dragon's attack.
The steam dragon claws you but does no damage.
You barely miss the steam dragon.
The steam dragon is almost dead.
The gnoll bouda calls upon its god to heal the gnoll.
The gnoll is healed somewhat.
The steam dragon breathes steam at you. The ball of steam hits you. You resist.
* * * LOW HITPOINT WARNING * * *
You barely miss the steam dragon.
The steam dragon is almost dead.
You block the steam dragon's attack. The steam dragon claws you.
* * * LOW HITPOINT WARNING * * *
You hit the steam dragon but do no damage.
The steam dragon is almost dead.
You block the steam dragon's attack.
The steam dragon claws you but does no damage.
The steam dragon bites you but does no damage.
The steam dragon claws you but does no damage.
You hit the steam dragon but do no damage.
The steam dragon is almost dead.
The gnoll bouda is no longer more vulnerable to fire.
The steam dragon barely misses you. The steam dragon closely misses you.
You hit the steam dragon but do no damage.
The steam dragon is almost dead.
The steam dragon breathes steam at you. The ball of steam hits you. You resist.
* * * LOW HITPOINT WARNING * * *
You hit the steam dragon. You burn the steam dragon.
You kill the steam dragon!
Your Fighting skill increases to level 5!
You closely miss the gnoll bouda.
The gnoll bouda is heavily wounded.
The gnoll bouda hits you with a +0 whip!
You die...

#.P.P.# #.....# .
####.## #. #.#
..## # #.# .#.#.#
###.#########....#
#...........g....
#.###.######.)#
... #...$@gg..#
#.#
#.######.#.....
#≈≈ ...# .# ###
#≈≈ ~.#### .# #≈
∩.. ## ≈~ ≈


You could see a gnoll bouda and a gnoll (swift).

Vanquished Creatures
  Sigmund (D:3)
  A steam dragon (D:6)
  Menkaure (D:5)
  A black bear (D:5)
  2 phantoms (D:5)
  A howler monkey (D:4)
  4 hounds
  Crazy Yiuf (D:2)
  A sleepcap (D:5)
  Jessica (D:3)
  Ijyb (D:3)
  3 orc wizards (D:5)
  6 gnolls
  3 adders
  A shadow imp (D:5)
  2 worms
  A dart slug (D:4)
  5 orcs (D:5)
  7 ball pythons
  6 endoplasms
  2 giant cockroaches
  6 goblins
  6 hobgoblins
  3 quokkas
  5 bats (D:1)
  3 frilled lizards
  7 kobolds
  2 rats
83 creatures vanquished.

Vanquished Creatures (others)
  A gnoll (D:6)
1 creature vanquished.

Grand Total: 84 creatures vanquished

Notes
Turn   | Place    | Note
-------+----------+-------------------------------------------
     0 | D:1      | sampeng1 the Human Cinder Acolyte began the quest for the
                  | Orb.
     0 | D:1      | Reached XP level 1. HP: 18/18 MP: 2/2
   208 | D:1      | Reached XP level 2. HP: 24/24 MP: 3/3
   215 | D:1      | Found a faded altar of an unknown god.
   366 | D:1      | Learned a level 2 spell: Scorch
   789 | D:2      | Reached XP level 3. HP: 23/29 MP: 3/5
  1403 | D:2      | Found a runed translucent door.
  1404 | D:2      | Noticed Crazy Yiuf
  1412 | D:2      | Killed Crazy Yiuf
  1413 | D:2      | Reached XP level 4. HP: 14/35 MP: 1/6
  1742 | D:3      | Reached skill level 1 in Dodging
  1769 | D:3      | Noticed Ijyb
  1778 | D:3      | Killed Ijyb
  1779 | D:3      | Reached skill level 1 in Shields
  1860 | D:3      | Reached XP level 5. HP: 41/41 MP: 4/8
  1918 | D:3      | Noticed a bullfrog
  2116 | D:3      | Noticed Jessica
  2122 | D:3      | Killed Jessica
  2143 | D:3      | Noticed Sigmund
  2164 | D:3      | Killed Sigmund
  2165 | D:3      | Reached XP level 6. HP: 33/48 MP: 6/9
  2254 | D:3      | Found an iron altar of Okawaru.
  2951 | D:4      | Reached skill level 4 in Fighting
  3144 | D:4      | Identified the +11 dagger of Gucwas {pain, rPois rN+}
  3431 | D:5      | Entered Level 5 of the Dungeon
  3431 | D:5      | Noticed Menkaure
  3436 | D:5      | HP: 1/48 [Menkaure (16)]
  3438 | D:5      | Killed Menkaure
  3439 | D:5      | Reached XP level 7. HP: 1/54 MP: 8/11
  4171 | D:5      | Reached XP level 8. HP: 36/61 MP: 8/12
  4746 | D:5      | Found Viazimot's General Store.
  4750 | D:5      | Bought the +1 robe of the Untouchables {+Inv Dex+3} for 286
                  | gold pieces
  5099 | D:6      | Found Maoryrac's Assorted Antiques.
  5165 | D:6      | Found a basalt altar of Yredelemnul.
  5181 | D:6      | Found Caen's Armour Emporium.
  5219 | D:6      | Reached skill level 5 in Fighting
  5219 | D:6      | Mangled by a gnoll bouda

Illustrated notes

Levels and vault maps discovered:
D:1:      reono_arrival_mine, layout_rooms,
          hellmonk_ecumenical_altar_pennies_from_heaven, amethyst_killhole
D:2:      layout_loops_corners, serial_park_tiny_1, uniq_crazy_yiuf_cottage
D:3:      layout_loops_ring, mainiacjoe_overflow_paths, lightli_corner_chamber,
          uniq_ijyb, uniq_jessica, uniq_sigmund
D:4:      layout_rooms
D:5:      cheibrodos_helix_gallery, layout_gridville, serial_shops,
          nicolae_shop_pleasant_corner_grove, uniq_menkaure
D:6:      layout_loops_ring, yredelemnul_altar_generic, lemuel_round_altar,
          minmay_temple_entry_enclosed_plants, serial_shops,
          nicolae_shop_waterfront, shop, nicolae_shop_pleasant_corner_grove

Skill      XL: |  1  2  3  4  5  6  7  8 |
---------------+-------------------------+-----
Dodging        | 1 2 3 |  3.6
Shields        | 1 2 3 |  3.5
Spellcasting   | 2 3 |  3.7
Fighting       | 4 5 |  5.0
Fire Magic     | 4 |  4.9
Maces & Flails | 4 |  4.9

Action                     |  1- 3 |  4- 6 |  7- 9 || total
---------------------------+-------+-------+-------++-------
  Melee: Mace              |    88 |   120 |   144 ||   352
         Dagger            |       |     4 |     4 ||     8
  Throw: Stone             |       |     2 |       ||     2
         Dart              |       |     1 |     2 ||     3
   Cast: Scorch            |     6 |    14 |    18 ||    38
    Use: Scroll            |       |     9 |       ||     9
         Potion            |       |     4 |     1 ||     5
   Stab: Sleeping          |       |     1 |       ||     1
 Armour: Robe              |    30 |    43 |   131 ||   204
  Dodge: Dodged            |    64 |    60 |   109 ||   233
  Block: Buckler           |    15 |    52 |   110 ||   177
         Reflection        |       |     3 |       ||     3
